 Dungeon Crawl Stone Soup version 0.28-a0-653-g7e9dba17c3 (webtiles) character file.

Game seed: 162057154728112295

101 Zeldest the Skirmisher (level 4, -1/40 HPs)
             Began as a Ghoul Monk on Oct 12, 2021.
             Splashed by a jelly's acid (8 damage)
             ... on level 5 of the Dungeon.
             The game lasted 00:03:05 (2253 turns).

Zeldest the Skirmisher (Ghoul Monk)                 Turns: 2253, Time: 00:03:05

Health: -1/40      AC:  2    Str: 15    XL:     4   Next: 75%
Magic:  12/12      EV: 10    Int:  5    God:
Gold:   43         SH:  0    Dex: 11    Spells: 3/3 levels left

rFire   . . .      SeeInvis .   a - +0 hand axe
rCold   + . .      Faith    .   (no shield)
rNeg    + + +      Spirit   .   f - +0 scale mail
rPois   ∞          Reflect  .   (no helmet)
rElec   .          Harm     .   (no cloak)
rCorr   .          Rampage  .   (no gloves)
Will    .....                   (no boots)
Stlth   ..........              (no amulet)
HPRegen 0.00/turn               e - ring of magical power
MPRegen 0.13/turn               (no ring)

@: corroded, inhibited regen
A: claws 1, cold resistance 1, negative energy resistance 3, inhibited
regeneration, torment resistance 2
a: no special abilities


You were on level 5 of the Dungeon.
You visited 1 branch of the dungeon, and saw 5 of its levels.

You collected 140 gold pieces.
You spent 97 gold pieces at shops.

Inventory:

Hand Weapons
 a - a +0 hand axe (weapon)
Armour
 f - a +0 scale mail (worn)
 j - a +0 chain mail
Jewellery
 e - a ring of magical power (left claw)
 g - a +6 ring of intelligence
Scrolls
 b - a scroll of teleportation
 d - 2 scrolls of blinking
 i - 2 scrolls of identify
 k - 3 scrolls of noise
Potions
 c - 2 potions of brilliance {unknown}
 h - a potion of resistance


   Skills:
 + Level 4.1 Fighting
 * Level 3.9 Axes
 + Level 1.5 Armour
 - Level 2.6 Dodging
 - Level 2.1 Stealth


You had 3 spell levels left.
You didn't know any spells.
Your spell library was empty.

Dungeon Overview and Level Annotations

Branches:
Dungeon (5/15)
 Temple: D:4-7

Altars:
The Shining One

Shops:
D:2 ?


Innate Abilities, Weirdness & Mutations

You thrive by killing the living.
You are immune to poison.
You have sharp fingernails.
Your flesh is cold resistant. (rC+)
You are immune to negative energy. (rN+++)
You do not regenerate when monsters are visible.
You are immune to unholy pain and torment.


Message History

The orc hits you but does no damage.
You bump into the rock wall.
The orc wizard hits you with a +0 dagger.
The orc hits you but does no damage.
You bump into the rock wall.
The orc wizard hits you with a +0 dagger.
The orc hits you with a +0 short sword.
You're too confused to move!
The orc wizard casts a spell at you. The magic dart hits you!
The orc hits you but does no damage.
You barely miss the orc wizard.
The orc wizard is heavily wounded.
You closely miss the orc.
The orc wizard hits you with a +0 dagger.
The orc closely misses you.
You closely miss the orc wizard.
The orc wizard is heavily wounded.
You hit the orc but do no damage.
You feel less confused. The orc wizard completely misses you.
The orc barely misses you.
You barely miss the orc wizard.
The orc wizard is heavily wounded.
You closely miss the orc.
The orc wizard hits you but does no damage.
The orc hits you but does no damage.
You hit the orc wizard but do no damage.
The orc wizard is heavily wounded.
You hit the orc.
You kill the orc!
The orc wizard hits you with a +0 dagger.
* * * LOW HITPOINT WARNING * * *
You hit the orc wizard.
The orc wizard is severely wounded.
You hit the jelly. The acid corrodes you!
Your claws burn!
* * * LOW HITPOINT WARNING * * *
The orc wizard hits you but does no damage.
The jelly hits you.
* * * LOW HITPOINT WARNING * * *
You are splashed with acid!
You die...

# ### #.####
... ...# ..#
#.######...#
#...<......#
#@######.#.#
#oJ......#
#.#######
..# #!# #.#
... ...


You could see a jelly and an orc wizard.

Vanquished Creatures
  4 adders
  2 worms
  4 orcs
  7 endoplasms
  3 giant cockroaches
  3 goblins
  3 hobgoblins
  5 kobolds (D:1)
  3 quokkas
  7 ball pythons
  5 bats
  4 frilled lizards
  2 rats (D:1)
52 creatures vanquished.

Notes
Turn   | Place    | Note
-------+----------+-------------------------------------------
     0 | D:1      | Zeldest the Ghoul Monk began the quest for the Orb.
     0 | D:1      | Reached XP level 1. HP: 19/19 MP: 0/0
    86 | D:1      | Reached XP level 2. HP: 9/26 MP: 1/1
   649 | D:1      | Found a faded altar of an unknown god.
   742 | D:1      | Reached XP level 3. HP: 27/31 MP: 2/2
   930 | D:2      | Reached skill level 1 in Armour
  1197 | D:2      | Reached XP level 4. HP: 40/40 MP: 3/3
  1425 | D:2      | Found Jesos's Magic Scroll Shoppe.
  1435 | D:2      | Bought a scroll of blinking for 97 gold pieces
  1532 | D:3      | HP: 2/40 [orc (6)]
  1544 | D:3      | Reached skill level 4 in Fighting
  2181 | D:4      | Noticed an ogre
  2224 | D:5      | Entered Level 5 of the Dungeon
  2253 | D:5      | Splashed by a jelly's acid

Illustrated notes

Levels and vault maps discovered:
D:1:      eino_arrival_water_cross, layout_loops_ring, basic_ecumenical_altar,
          minmay_misc_feat_tiny, minmay_tromino_mix6
D:2:      layout_rooms, serial_shops, shop_scrolls
D:3:      layout_basic, mainiacjoe_overflow_small_starburst
D:4:      layout_rooms
D:5:      layout_loops_ring, nicolae_qazlal_eye_of_the_storm

Skill      XL: |  1  2  3  4 |
---------------+-------------+-----
Axes           | 3 |  3.9
Armour         | 1 |  1.5
Fighting       | 4 |  4.1
Dodging        | |  2.6
Stealth        | |  2.1

Action                   |  1- 3 |  4- 6 || total
-------------------------+-------+-------++-------
Melee: Hand axe          |   122 |    96 ||   218
  Use: Scroll            |       |     4 ||     4
       Potion            |       |     1 ||     1
 Stab: Sleeping          |     1 |       ||     1
Armor: Robe              |     7 |       ||     7
       Scale mail        |    49 |    41 ||    90
Dodge: Dodged            |    75 |    54 ||   129

Table legend: (Time is in decaauts)
 A = Elapsed time spent in this place.
 B = Non-inter-level travel time spent in this place.
 C = Inter-level travel time spent in this place.
 D = Time resting spent in this place.
 E = Time spent auto-exploring this place.
 F = Levels seen in this place.
 G = Mean time per level.
                   A        B        C        D        E       F      G
               +--------+--------+--------+--------+--------+-----+--------+
         Total |   2279 |   2201 |     78 |    755 |    945 |   5 |  455.8 |
       Dungeon |   2279 |   2201 |     78 |    755 |    945 |   5 |  455.8 |
               +--------+--------+--------+--------+--------+-----+--------+

Top non-repeatable levels by time:
     D:1: 926 daAuts
     D:2: 588 daAuts
     D:3: 510 daAuts
     D:4: 223 daAuts
     D:5: 30 daAuts
